Map: Vigía EE

Players

CapnCook

  • Race: Terran Terran
  • League: Platinum
  • Spawn Location: 5:00

Bohdan

  • Race: Terran Terran
  • Spawn Location: 6:00

Guackamo

  • Race: Terran Terran
  • League: Gold
  • Spawn Location: 5:00

MrFercho - Winner!

  • Race: Zerg Zerg
  • League: Silver
  • Spawn Location: 12:00

tigro - Winner!

  • Race: Terran Terran
  • League: Bronze
  • Spawn Location: 9:00

TATORREA - Winner!

  • Race: Protoss Protoss
  • League: Silver
  • Spawn Location: 9:00

VOD

Have the link to the VOD?

Description

Time

  • Played on: June 25, 2020, 10:08 p.m.
  • Length: 24:15
Show
View Real Time Build Order
Export as new Build Order

CapnCook Terran 

Build Orders:  

Get SALT Encoding   

  12  0:01  SCV  
  13  0:13  SCV  
  14  0:25  SCV  
  14  0:26  Supply Depot  
  15  0:47  SCV  
  15  0:48  Barracks  
  16  0:58  Refinery  
  16  0:59  SCV  
  17  1:11  SCV  
  17  1:15  Supply Depot  
  18  1:27  Barracks  
  18  1:37  Orbital Command  
  18  1:41  Marine  
  19  1:51  Refinery  
  19  2:03  SCV  
  20  2:10  Factory  
  20  2:14  Supply Depot  
  20  2:15  Marine, SCV  
  20  2:21  Barracks Tech Lab  
  22  2:51  Command Center  
  22  3:00  Armory  
  22  3:09  Barracks Tech Lab  
  22  3:11  Barracks  
  22  3:18  Siege Tank  
  25  3:31  SCV  
  26  3:50  Supply Depot  
  26  3:58  Thor  
  32  4:06  SCV  
  33  4:12  Orbital Command  
  33  4:16  Refinery  
  33  4:18  SCV  
  33  4:20  Marine  
  33  4:23  Marine  
  36  4:24  Marine  
  36  4:29  Terran Vehicle Weapons Level 1  
  37  4:36  Stimpack  
  37  4:41  SCV x2  
  37  4:42  Marine  
  37  4:43  Marine  
  41  5:01  SCV x2  
  41  5:02  Marine x2  
  41  5:03  Marine  
  46  5:13  SCV  
  47  5:15  Thor  
  47  5:20  Marine  
  40  6:17  Thor  
  39  6:19  SCV x2  
  41  6:26  Marine x3  
  41  6:31  SCV x2  
  46  6:33  Terran Vehicle And Ship Armor Level 1  
  46  6:34  Starport  
  46  6:36  Combat Shield  
  46  6:40  Command Center  
  46  6:41  Engineering Bay  
  46  6:44  Marine, SCV  
  46  6:46  SCV  
  49  6:47  Barracks  
  49  6:58  SCV  
  50  7:06  Marauder, Marine x2  
  54  7:09  Thor  
  54  7:12  SCV  
  54  7:13  SCV  
  62  7:19  Refinery  
  62  7:33  Supply Depot  
  62  7:46  Medivac, SCV x2  
  62  7:47  Marine x4  
  62  7:51  Terran Infantry Weapons Level 1  
  70  7:55  Supply Depot  
  70  8:05  Marine  
  71  8:06  Orbital Command  
  71  8:07  SCV  
  71  8:08  SCV  
  71  8:11  Marine x2  
  71  8:12  Marine  
  76  8:18  Supply Depot, Thor  
  83  8:20  Refinery, SCV x2  
  83  8:22  Marine  
  85  8:30  Supply Depot  
  85  8:37  SCV x3  
  85  8:40  Supply Depot  
  90  8:41  Marauder, Marine x3  
  90  8:43  Medivac  
  90  8:47  Terran Ship Weapons Level 1  
  95  8:49  SCV  
  95  8:51  Fusion Core  
  95  8:55  Missile Turret  
  96  8:58  Missile Turret  
  96  8:59  Marine  
  97  9:05  Thor  
  103  9:10  Marine x3  
  103  9:15  Medivac  
  108  9:28  Factory, SCV x3  
  111  9:34  Refinery  
  111  9:37  Marine x4  
  115  9:40  SCV x3  
  115  9:45  Medivac, Terran Infantry Armor Level 1  
  120  9:52  Weapon Refit  
  120  9:54  Supply Depot  
  120  9:55  Marine  
  121  10:06  Starport  
  121  10:08  Marine x3  
  121  10:13  Marine  
  125  10:15  Factory Tech Lab  
  125  10:16  Thor  
  131  10:24  Starport Tech Lab  
  131  10:28  Marine x3  
  131  10:31  Marine  
  131  10:33  Thor  
  141  10:43  Barracks  
  141  10:45  Barracks  
  141  10:46  Barracks  
  141  10:48  Barracks  
  141  11:08  Supply Depot  
  141  11:16  Marine x2, Starport Tech Lab  
  141  11:17  Battlecruiser  
  141  11:18  Supply Depot  
  149  11:30  Thor, Marine x2  
  157  11:37  Supply Depot  
  157  11:39  Thor  
  163  11:41  Terran Vehicle Weapons Level 2  
  163  11:46  Barracks Reactor  
  163  11:48  Barracks Reactor  
  163  11:51  Barracks Reactor  
  163  12:01  Supply Depot  
  163  12:10  Command Center  
  163  12:14  Command Center, Battlecruiser  
  165  12:15  Marine x2  
  165  12:16  Marine x3  
  168  12:25  Supply Depot  
  82  12:47  Battlecruiser  
  82  12:48  Marine x8  
  82  12:49  Marine x3  
  82  12:51  Supply Depot  
  91  12:55  Thor  
  91  13:05  Marine x2  
  86  13:29  Refinery  
  86  13:33  Refinery  
  84  13:39  Battlecruiser, Refinery  
  84  13:40  Thor  
  84  13:41  Thor  
  102  13:45  Marine x5  
  102  13:46  Marine x5  
  112  13:52  Orbital Command  
  112  14:02  Orbital Command  
  112  14:13  Marine x4  
  112  14:14  Marine x5  
  112  14:15  Marine x2  
  123  14:18  Battlecruiser  
  129  14:26  SCV x4  
  133  14:32  Thor  
  133  14:38  SCV x3  
  140  14:39  Thor  
  140  14:44  Marine  
  140  14:45  Marine x6  
  154  14:46  Marine  
  154  14:47  Marine  
  154  14:52  Terran Ship Weapons Level 2  
  157  14:55  Terran Infantry Weapons Level 2  
  157  15:01  Battlecruiser  
  135  15:35  Thor x2  
  128  15:36  Marine x5  
  128  15:37  Marine x6  
  128  15:40  Battlecruiser  
  137  15:54  Marine x3  
  108  16:22  Marine, Battlecruiser  
  108  16:23  Marine x10  
  113  16:26  Thor  
  119  16:40  Marine  
  119  16:41  Marine x2  
  119  16:45  Thor  
  128  16:47  Marine x4  
  128  16:48  Marine x4  
  128  16:53  Battlecruiser  
  142  17:08  Marine  
  142  17:09  Marine x10, Hellbat  
  142  17:10  Terran Infantry Armor Level 2  
  142  17:13  Terran Ship Weapons Level 3  
  155  17:26  Marine, Battlecruiser  
  155  17:27  Marine  
  163  17:33  Thor x2  
  163  17:36  Marine  
  163  17:37  Marine x5  
  136  18:24  Marine  
  136  18:25  Marine x5  
  142  18:27  Thor x2  
  142  18:29  Battlecruiser  
  142  18:30  Battlecruiser  
  156  18:42  Marine  
  156  18:43  Marine x4  
  128  19:10  Thor x2  
  128  19:12  Marine  
  128  19:13  Marine  
  107  19:56  Command Center  
  96  20:13  Thor  
  50  21:20  Thor x2  
  62  21:54  SCV  
  63  22:06  SCV  
  64  22:24  SCV  
  65  22:53  Orbital Command  
  22  23:50  SCV  
  22  24:02  SCV  
Show
View Real Time Build Order
Export as new Build Order

Bohdan Terran 

Build Orders:  

Get SALT Encoding   

  12  0:03  SCV  
  13  0:19  SCV  
  14  0:24  Supply Depot  
  14  0:36  SCV  
  15  0:50  Barracks  
  15  0:53  SCV  
  16  1:09  Barracks  
  16  1:19  SCV  
  16  1:20  Supply Depot  
  17  1:26  Refinery  
  17  1:31  SCV  
  18  1:54  Barracks  
  18  2:21  Marine x2  
  20  2:36  SCV  
  21  2:39  Marine x2  
  23  2:46  Barracks  
  23  2:48  SCV  
  24  3:01  Barracks Reactor  
  24  3:03  Marine x2  
  26  3:17  Engineering Bay  
  26  3:27  Supply Depot  
  26  3:49  Supply Depot  
  26  3:50  Marine x2  
  26  3:51  Marine  
  26  3:55  Barracks Tech Lab  
  30  3:59  Command Center  
  30  4:00  Barracks Reactor  
  29  4:08  Marine  
  30  4:12  Terran Infantry Weapons Level 1  
  30  4:18  Marine  
  30  4:19  Marine, Refinery  
  30  4:20  Marauder  
  34  4:26  Marine  
  35  4:42  Marauder  
  37  4:53  Combat Shield  
  37  5:03  Marauder  
  37  5:04  Marine  
  37  5:05  Marine x3  
  37  5:06  Marine  
  44  5:16  Supply Depot  
  44  5:20  SCV  
  45  5:22  Marine x2  
  45  5:25  Marauder, Marine  
  50  5:39  Supply Depot  
  50  5:47  Marine x4  
  43  6:20  Marine  
  43  6:21  Marine x4  
  43  6:22  Marine  
  45  6:35  SCV  
  45  6:38  Marine x2  
  48  6:45  Stimpack  
  48  6:47  SCV  
  48  6:48  Barracks Tech Lab  
  49  6:59  SCV  
  50  7:01  Marine x2  
  50  7:02  Marine x2  
  50  7:03  Factory  
  50  7:05  Marauder  
  56  7:12  Orbital Command  
  56  7:20  Terran Infantry Armor Level 1  
  56  7:24  Marine x2  
  56  7:25  Marine  
  59  7:40  Marine  
  59  7:41  Marauder, Marine  
  63  7:46  SCV  
  63  7:51  Marine x2  
  65  7:52  Marine  
  67  8:02  Starport  
  67  8:06  SCV  
  67  8:07  SCV  
  67  8:11  Marauder, Marine  
  72  8:18  SCV  
  72  8:19  SCV  
  74  8:31  Missile Turret  
  74  8:44  Marine  
  75  8:52  Missile Turret  
  75  8:58  Marine x3  
  78  9:10  Supply Depot, Starport Tech Lab  
  78  9:14  Missile Turret  
  78  9:19  Fusion Core  
  78  9:32  Marine x3  
  78  9:33  Supply Depot  
  81  9:41  Missile Turret  
  81  9:50  Marauder  
  83  10:03  Supply Depot  
  83  10:05  Missile Turret  
  83  10:09  Battlecruiser  
  89  10:20  Marine x3  
  89  10:21  Starport, Marine  
  92  10:26  Missile Turret  
  93  10:30  SCV  
  94  10:40  Refinery  
  94  10:42  SCV  
  94  10:45  Refinery  
  95  10:55  SCV  
  96  11:03  Starport Tech Lab  
  96  11:07  SCV  
  97  11:16  Armory  
  97  11:19  SCV  
  98  11:30  Marine x2  
  98  11:31  Marine x2  
  102  11:52  Supply Depot  
  102  11:59  Marine x3  
  99  12:02  Battlecruiser  
  94  12:15  Supply Depot  
  94  12:21  Marine x3  
  94  12:22  Marine  
  98  12:34  Battlecruiser  
  104  12:38  Supply Depot  
  104  12:50  Marine x6  
  101  13:06  Supply Depot  
  101  13:07  Marine  
  101  13:08  Marine x5  
  67  13:25  Marine x2  
  67  13:26  Marine x4  
  67  13:29  Supply Depot  
  67  13:43  Marine x2  
  67  13:44  Marauder x2  
  73  13:52  Supply Depot  
  73  14:02  Marine x2  
  73  14:03  Marine x2  
  73  14:06  Marauder x2  
  81  14:14  Battlecruiser  
  87  14:20  Marine x3  
  87  14:21  Marine  
  91  14:27  Marauder, Marine  
  94  14:38  Marine x3  
  94  14:45  Battlecruiser  
  103  14:57  Command Center  
  103  15:01  Marine x5  
  103  15:02  Marine  
  109  15:18  Marine  
  109  15:20  Marauder  
  82  15:48  Marine x5  
  62  15:51  Marine  
  69  16:04  Battlecruiser  
  69  16:05  Marine  
  69  16:07  Marauder  
  69  16:09  Marauder  
  74  16:30  SCV  
  75  16:37  Battlecruiser  
  81  16:42  SCV  
  82  16:54  SCV  
  82  16:55  Marine x2  
  82  16:56  Marine x2  
  87  17:07  SCV  
  88  17:14  Starport  
  88  17:15  Battlecruiser  
  94  17:17  Marine x2  
  94  17:18  Marine x2  
  94  17:19  Marine x2  
  100  17:34  Terran Infantry Armor Level 2  
  100  17:35  Marine x3  
  100  17:36  Marine  
  104  17:37  Marauder, Marine  
  90  18:30  Battlecruiser x2  
  93  19:05  Starport Tech Lab  
  93  19:10  Marine x4  
  93  19:11  Marine x2  
  99  19:28  Marine x5  
  99  19:29  Marine  
  111  19:31  Battlecruiser  
  111  19:46  Marine x5  
  111  19:47  Marauder  
  112  20:03  Marine  
  112  20:05  Marauder  
  115  20:07  Marine x2  
  115  20:08  Marauder, Marine  
  120  20:21  Marine  
  120  20:26  Marauder  
  123  20:30  Marauder  
  122  20:48  Marauder  
  124  20:51  Marauder  
  114  21:09  Marauder  
  107  21:12  Marauder  
  88  21:30  Marauder  
  77  21:46  Battlecruiser  
  83  21:49  Marine x2  
  83  21:50  Marine x3  
  83  21:51  Marine  
  89  21:54  SCV  
  90  22:07  Marine x3  
  90  22:08  Marine x2  
  94  22:09  Marine  
  96  22:17  Battlecruiser  
  102  22:25  Marine x3  
  102  22:26  Marine x2  
  102  22:27  Marine  
  108  22:43  Marine x2  
  110  22:46  Marine x4  
  104  23:01  Marine x2  
  104  23:05  Marauder x2  
  93  23:11  Marine  
  93  23:12  Marine  
  87  23:18  Marine  
  87  23:19  Marine  
  89  23:26  Marauder, Marine  
  92  23:35  Refinery  
  92  23:38  Refinery  
Show
View Real Time Build Order
Export as new Build Order

Guackamo Terran 

Build Orders: 2 Factory 

Get SALT Encoding   

  12  0:10  SCV  
  13  0:21  Supply Depot  
  13  0:22  SCV  
  14  0:34  SCV  
  15  0:49  Barracks  
  15  0:50  Barracks  
  15  0:52  SCV  
  16  1:04  Supply Depot  
  16  1:06  SCV  
  17  1:15  Refinery  
  17  1:20  Refinery  
  17  1:22  SCV  
  18  1:44  SCV  
  19  1:56  SCV  
  20  2:06  Command Center  
  20  2:17  Orbital Command  
  20  2:21  Marine  
  21  2:25  Marine  
  22  2:39  Factory  
  22  2:47  SCV  
  23  2:56  Factory  
  23  2:59  SCV  
  23  3:04  Marine  
  23  3:05  Marine  
  25  3:11  SCV  
  27  3:19  Refinery  
  27  3:23  Orbital Command  
  27  3:26  SCV  
  28  3:32  Factory Tech Lab  
  28  3:38  SCV  
  29  3:41  Engineering Bay  
  29  3:45  Factory Tech Lab  
  29  3:50  SCV  
  29  3:51  Hellion  
  32  3:58  Barracks Tech Lab  
  32  4:02  SCV  
  33  4:05  Barracks Reactor  
  33  4:07  SCV  
  34  4:14  SCV  
  34  4:15  Siege Tank  
  38  4:22  SCV  
  39  4:26  SCV  
  39  4:27  Siege Tank  
  43  4:34  SCV  
  44  4:38  SCV  
  44  4:41  Supply Depot  
  45  4:46  SCV  
  45  4:48  Supply Depot  
  45  4:49  Supply Depot  
  46  4:53  Missile Turret  
  46  5:02  Siege Tank  
  46  5:05  SCV  
  46  5:06  SCV  
  51  5:13  Starport, Terran Infantry Weapons Level 1  
  51  5:17  Starport, SCV  
  51  5:18  SCV  
  53  5:31  Missile Turret  
  53  5:32  Refinery  
  51  5:47  Marine x3  
  52  6:00  SCV  
  52  6:05  Marine  
  52  6:07  SCV  
  53  6:12  SCV  
  53  6:14  Marine x2  
  56  6:19  SCV  
  56  6:25  Starport Reactor, SCV  
  55  6:26  Starport Reactor  
  55  6:31  SCV  
  55  6:32  Armory  
  56  6:35  Barracks x2  
  56  6:37  SCV  
  57  6:44  SCV  
  58  6:48  Command Center  
  58  6:49  SCV  
  59  7:01  SCV  
  60  7:09  Missile Turret  
  60  7:11  Missile Turret  
  60  7:13  Viking, SCV, Missile Turret  
  63  7:22  Barracks  
  63  7:25  SCV  
  63  7:27  Barracks Reactor x2  
  64  7:30  Missile Turret  
  64  7:34  Refinery  
  64  7:37  SCV  
  64  7:40  Refinery  
  64  7:42  Terran Ship Weapons Level 1  
  65  7:44  Terran Infantry Weapons Level 2  
  65  7:49  SCV  
  66  7:52  Supply Depot  
  66  7:53  Supply Depot  
  66  7:54  Supply Depot  
  66  7:55  Supply Depot  
  66  7:56  Supply Depot  
  66  7:59  Supply Depot  
  66  8:01  SCV  
  67  8:13  SCV  
  67  8:15  Planetary Fortress  
  68  8:26  Siege Tank  
  71  8:28  Viking x3  
  71  8:29  Viking  
  79  8:37  Armory  
  79  8:43  Supply Depot  
  79  8:44  Supply Depot  
  79  8:45  Supply Depot  
  79  8:47  Supply Depot  
  79  8:50  Starport  
  79  8:52  SCV x2  
  79  8:53  Starport  
  81  8:56  Starport  
  81  8:58  Viking  
  83  9:04  SCV  
  83  9:05  SCV  
  83  9:09  Command Center  
  85  9:10  Viking x2  
  85  9:16  SCV  
  91  9:17  SCV  
  91  9:22  Viking  
  93  9:28  Viking  
  93  9:29  SCV  
  96  9:36  Terran Vehicle And Ship Armor Level 1  
  96  9:38  Terran Ship Weapons Level 2  
  96  9:40  Viking  
  96  9:41  SCV  
  96  9:43  Starport Reactor x3  
  99  9:48  Viking  
  84  9:52  Viking  
  103  10:00  Hi-Sec Auto Tracking  
  103  10:17  Viking  
  103  10:18  Viking x2  
  109  10:21  Viking  
  109  10:22  Viking x2  
  109  10:23  Missile Turret  
  109  10:25  Missile Turret x2  
  109  10:26  Missile Turret  
  109  10:27  SCV, Missile Turret  
  116  10:30  Planetary Fortress  
  116  10:39  SCV  
  117  10:43  Viking x2  
  117  10:44  Viking  
  117  10:45  Refinery  
  117  10:46  Refinery  
  117  10:47  Viking  
  125  10:50  Viking  
  125  10:51  SCV, Missile Turret  
  125  10:53  Viking  
  125  10:56  Viking  
  132  11:03  Viking, SCV  
  135  11:12  Supply Depot  
  135  11:13  Supply Depot  
  135  11:15  Viking x3, SCV  
  135  11:16  Supply Depot  
  142  11:36  Viking x3  
  142  11:37  Viking x2  
  152  11:58  Viking x3  
  111  12:38  Viking x4  
  111  12:39  Viking x3  
  121  12:49  Viking x3  
  117  13:08  Viking x3  
  105  14:05  Viking  
  105  14:06  Viking x5  
  105  14:07  Viking x4  
  125  14:35  Viking x2  
  125  14:36  Viking x2  
  133  14:50  Viking  
  133  14:51  Viking x3  
  133  14:52  Viking  
  143  14:58  Missile Turret  
  143  15:00  Command Center  
  143  15:01  Command Center, Refinery  
  115  15:40  Viking x2  
  115  15:41  Viking x7  
  103  15:43  Viking  
  101  16:10  Viking x2  
  101  16:11  Viking  
  107  16:15  Viking  
  107  16:16  Viking x2  
  107  16:18  Marine x3  
  116  16:33  Viking  
  118  16:49  Planetary Fortress  
  118  17:11  Viking x3  
  118  17:12  Marine x4  
  118  17:13  Marine  
  129  17:27  Marine x2  
  129  17:28  Marine  
  132  17:33  Medivac x2  
  87  18:24  Viking  
  87  18:25  Viking x4  
  64  19:07  Viking x3  
  64  19:08  Viking x3  
  66  19:38  Viking  
  66  19:39  Marine x6  
  66  19:40  Marine x2  
  53  19:56  Marine  
  53  19:57  Marine x6  
  53  19:58  Marine  
  42  20:14  Marine  
  42  20:15  Viking, Marine x4  
  42  20:16  Marine  
  42  20:17  Marine  
  44  20:32  Marine x2  
  44  20:33  Marine x2  
  44  20:34  Marine  
  45  21:32  Viking x3  
  38  22:09  Marine x2  
  40  23:17  Viking  
  37  23:46  SCV  
Show
View Real Time Build Order
Export as new Build Order

MrFercho Zerg - Winner!

Build Orders: Hatch First, Lurkers 

Get SALT Encoding   

  12  0:01  Drone  
  13  0:24  Overlord  
  13  0:25  Drone  
  14  0:42  Drone x2  
  16  0:46  Drone  
  17  1:09  Hatchery  
  16  1:11  Spawning Pool  
  16  1:12  Drone  
  16  1:20  Drone x2  
  18  1:28  Drone  
  19  1:33  Extractor  
  18  1:41  Extractor  
  18  1:46  Drone  
  18  1:50  Drone  
  19  1:59  Queen  
  21  2:01  Overlord  
  21  2:12  Overlord  
  21  2:22  Drone  
  22  2:23  Drone  
  23  2:32  Drone  
  24  2:49  Drone x3  
  27  2:57  Queen  
  29  3:03  Lair  
  29  3:08  Drone x3  
  29  3:12  Drone  
  33  3:15  Drone  
  33  3:16  Drone  
  35  3:25  Drone  
  36  3:32  Drone x4  
  40  3:38  Baneling Nest  
  40  3:39  Metabolic Boost  
  39  3:41  Drone x2  
  39  3:46  Evolution Chamber  
  40  3:56  Spine Crawler, Drone x2  
  40  3:59  Queen  
  40  4:01  Spine Crawler, Drone x2  
  44  4:04  Overlord  
  44  4:22  Drone x4  
  48  4:24  Overlord  
  48  4:30  Centrifical Hooks  
  48  4:31  Extractor  
  48  4:33  Extractor  
  48  4:35  Pneumatized Carapace  
  46  4:45  Hydralisk Den  
  45  4:47  Zergling x14  
  52  5:02  Drone x2  
  54  5:14  Baneling  
  54  5:15  Baneling x8  
  54  5:19  Drone x4  
  51  5:45  Zergling x14  
  54  5:55  Spine Crawler x2  
  52  5:58  Zergling x2  
  52  5:59  Zergling x12  
  49  6:31  Drone x4  
  49  6:32  Drone x4  
  57  6:42  Baneling  
  57  6:43  Baneling x4  
  57  7:00  Extractor, Hatchery  
  55  7:07  Hydralisk  
  55  7:08  Hydralisk  
  57  7:10  Overlord x4  
  59  7:17  Lurker Den  
  59  7:19  Infestation Pit  
  59  7:20  Muscular Augments  
  57  7:34  Drone x4  
  61  7:49  Evolution Chamber  
  60  7:58  Zerg Missile Weapons Level 1  
  60  8:05  Hive  
  60  8:07  Drone x6  
  60  8:12  Extractor  
  65  8:21  Baneling  
  65  8:22  Baneling x7  
  65  8:29  Overlord  
  65  8:30  Overlord x3  
  65  8:32  Grooved Spines  
  65  8:46  Drone x6  
  71  8:56  Drone x3  
  74  9:04  Hatchery  
  74  9:05  Hatchery  
  74  9:06  Hydralisk x3  
  74  9:07  Hatchery  
  74  9:09  Lurker  
  79  9:10  Lurker  
  79  9:19  Spire  
  78  9:43  Spine Crawler  
  77  9:47  Spine Crawler x2  
  77  9:48  Hydralisk x12  
  77  9:51  Queen, Spore Crawler  
  100  9:53  Spore Crawler  
  99  10:00  Queen  
  101  10:07  Hydralisk  
  101  10:08  Hydralisk x3  
  109  10:18  Lurker x6  
  115  10:30  Seismic Spines  
  115  10:34  Greater Spire  
  115  10:38  Drone x12  
  127  11:00  Overseer x3  
  127  11:19  Hydralisk x8  
  127  11:20  Hydralisk x2  
  127  11:23  Overlord x4  
  127  11:24  Overlord x3  
  147  11:27  Adaptive Talons  
  147  11:50  Hydralisk x8  
  163  12:00  Hydralisk x6  
  175  12:19  Hatchery  
  175  12:21  Extractor  
  173  12:24  Extractor  
  163  12:41  Hydralisk x13  
  163  12:43  Hydralisk  
  162  12:54  Hydralisk x3  
  160  13:25  Hydralisk x6  
  160  13:26  Hydralisk x3  
  162  13:38  Drone  
  162  13:39  Drone x3  
  161  13:51  Overlord x6  
  151  14:13  Hydralisk x12  
  175  14:25  Overseer x2  
  175  14:45  Zerg Missile Weapons Level 2, Zerg Ground Armor Level 1  
  175  14:51  Corruptor  
  175  14:52  Corruptor x4  
  185  15:00  Zerg Flyer Weapons Level 1  
  109  15:53  Hydralisk x14  
  109  15:54  Hydralisk x6  
  148  16:06  Overseer  
  148  16:22  Lair  
  148  16:38  Hatchery  
  147  16:45  Brood Lord x3  
  153  17:14  Drone x2  
  156  17:15  Drone  
  156  17:26  Extractor  
  156  17:28  Hatchery  
  154  17:42  Hydralisk  
  154  17:43  Hydralisk x10  
  170  18:49  Overlord x5  
  170  18:54  Drone x3  
  170  18:55  Drone x10  
  183  19:36  Hatchery  
  183  19:37  Extractor  
  181  19:39  Extractor  
  75  20:56  Hydralisk  
  75  20:57  Hydralisk x14  
  105  21:43  Hydralisk  
  105  21:44  Hydralisk x21  
  149  22:11  Zergling x2  
  149  22:12  Zergling x20  
  160  22:30  Hatchery  
  160  22:31  Extractor  
  160  22:33  Extractor  
  160  22:34  Hive  
  157  22:39  Lurker x2  
  157  22:40  Lurker x6  
  165  22:45  Zergling x2  
  165  22:46  Zergling x32  
  165  22:50  Baneling  
  165  22:51  Baneling x6  
  182  22:52  Baneling  
Show
View Real Time Build Order
Export as new Build Order

tigro Terran - Winner!

Build Orders:  

Get SALT Encoding   

  12  0:02  SCV  
  13  0:14  SCV  
  14  0:28  Supply Depot  
  14  0:33  Refinery  
  14  0:42  SCV  
  15  0:54  SCV  
  16  0:59  Barracks  
  16  1:05  Refinery  
  16  1:06  SCV  
  17  1:21  SCV  
  17  1:23  Supply Depot  
  18  1:33  SCV  
  19  1:45  SCV  
  19  1:46  Marine  
  21  1:57  SCV  
  22  2:01  Barracks  
  22  2:04  Marine  
  23  2:09  SCV  
  24  2:20  Engineering Bay  
  24  2:21  SCV  
  24  2:22  Marine  
  26  2:40  Marine  
  27  2:48  Orbital Command  
  27  2:51  Factory  
  27  2:54  Terran Infantry Weapons Level 1  
  27  2:57  Barracks Reactor  
  27  2:58  Marine  
  28  3:28  Barracks Tech Lab  
  28  3:47  Starport  
  28  3:49  Factory Tech Lab  
  28  3:55  Marine  
  28  3:56  Marine x2  
  31  4:13  Marine x3  
  34  4:31  Marine x3  
  37  4:43  Command Center  
  40  4:45  Siege Tank  
  40  4:48  Medivac, Terran Infantry Armor Level 1  
  40  4:49  Marine x3  
  45  5:02  Starport  
  45  5:07  Marine  
  46  5:16  Combat Shield  
  46  5:55  Marine  
  46  5:56  Marine x2  
  49  6:13  Marine  
  49  6:14  Marine x2  
  46  6:31  Marine x3  
  49  6:35  Stimpack  
  49  6:44  Refinery  
  49  6:45  Starport Tech Lab x2  
  49  6:49  Marine x3, Siege Tank  
  55  7:03  Missile Turret  
  55  7:07  Marine  
  56  7:16  SCV  
  57  7:24  Missile Turret  
  57  7:28  SCV  
  58  7:40  SCV  
  59  7:48  Missile Turret  
  59  7:52  SCV  
  59  7:56  Refinery  
  60  8:13  Neosteel Armor  
  60  8:15  Concussive Shells  
  60  8:21  Fusion Core, Missile Turret  
  60  8:34  SCV  
  61  8:43  Missile Turret  
  61  8:46  SCV  
  62  9:03  Supply Depot  
  62  9:07  Missile Turret  
  62  9:10  Weapon Refit  
  62  9:13  Armory  
  62  9:24  Medivac, SCV  
  62  9:26  Supply Depot  
  65  9:36  SCV  
  66  9:38  Mag-Field Accelerator  
  66  9:47  Siege Tank  
  66  9:49  SCV  
  66  9:52  Supply Depot  
  70  9:53  Hi-Sec Auto Tracking  
  70  10:01  SCV  
  71  10:13  SCV  
  72  10:18  Supply Depot  
  72  10:25  SCV  
  73  10:37  SCV  
  74  10:45  Missile Turret  
  74  10:49  SCV  
  75  10:50  Rapid Reignition System  
  75  11:09  Missile Turret  
  75  11:18  Infernal Pre-Igniter  
  75  11:30  Marine  
  75  11:31  Marine x2  
  75  11:32  Missile Turret  
  78  11:38  Battlecruiser x2  
  90  11:48  Marine x3  
  90  11:54  Missile Turret  
  93  12:06  Marine x2  
  66  12:17  Missile Turret  
  66  12:18  Marine  
  67  12:24  Marine x2  
  69  12:36  Marine  
  70  12:42  Marine x2, Battlecruiser  
  70  12:43  Battlecruiser  
  84  12:52  Refinery  
  84  12:54  Marine  
  85  12:59  Marine  
  85  13:00  Marine  
  87  13:06  Command Center  
  87  13:12  Marine  
  88  13:18  Marine  
  74  13:40  Marine  
  74  13:41  Marine x2  
  73  13:46  Medivac  
  73  13:47  Medivac  
  70  13:58  Marine x3  
  73  14:16  Marine  
  73  14:17  Marine x2, Battlecruiser x2  
  86  14:20  Refinery  
  86  14:23  SCV  
  89  14:34  Marine  
  89  14:35  Marine x2, SCV  
  93  14:47  SCV  
  93  14:49  Terran Infantry Weapons Level 2  
  93  14:52  Marine x3  
  95  14:59  SCV  
  98  15:10  Marine x3  
  89  15:28  Marine  
  80  16:05  Marine  
  80  16:06  Marine x2  
  81  16:23  Marine x2  
  81  16:24  Marine  
  83  16:41  Marine x3  
  86  16:48  Battlecruiser x2  
  98  16:59  Marine x3  
  101  17:04  Terran Infantry Armor Level 2  
  101  17:05  Planetary Fortress  
  101  17:17  Marine x3  
  100  17:34  Marine  
  100  17:35  Marine x2  
  103  17:52  Battlecruiser x2  
  103  17:53  Marine  
  80  18:56  Battlecruiser  
  80  18:57  Battlecruiser  
  71  19:24  Marine x2  
  71  19:25  Marine  
  74  19:42  Marine x3  
  77  20:00  Medivac, Marine x3  
  77  20:01  Medivac  
  84  20:18  Marine x3  
  87  20:23  Missile Turret  
  87  20:31  Battlecruiser x2  
  99  20:36  Marine  
  100  20:54  Missile Turret  
  100  21:17  Missile Turret  
  86  21:35  Battlecruiser x2  
  77  21:41  Missile Turret  
  71  22:02  Marine x3  
  71  22:05  Thor  
  80  22:20  Marine x3, Missile Turret  
  83  22:38  Marine x3  
  83  22:39  Battlecruiser x2  
  83  22:42  Missile Turret  
  98  22:47  Thor  
  104  22:55  Marine  
  104  22:56  Marine x2  
  95  23:01  Missile Turret  
  94  23:14  Marine  
  94  23:16  Marine x2  
  77  23:31  Marine  
  78  23:34  Marine x2  
  80  23:43  Medivac x2  
  84  23:49  Marine  
  84  23:52  Marine x2  
Show
View Real Time Build Order
Export as new Build Order

TATORREA Protoss - Winner!

Build Orders: Carriers 

Get SALT Encoding   

  12  0:01  Probe  
  13  0:13  Probe  
  14  0:26  Probe  
  15  0:28  Pylon  
  15  0:46  Probe  
  16  0:50  Gateway  
  16  1:00  Gateway  
  16  1:21  Probe  
  17  1:29  Probe  
  17  1:31  Pylon  
  17  1:33  Assimilator  
  17  1:37  Probe  
  19  1:49  Probe  
  19  1:52  Cybernetics Core  
  20  1:59  Probe  
  21  2:04  Assimilator  
  21  2:07  Probe  
  21  2:10  Assimilator  
  21  2:15  Probe  
  23  2:27  Probe  
  24  2:40  Nexus  
  24  2:46  Pylon  
  24  2:49  Pylon, Probe  
  25  2:59  Probe  
  26  3:07  Probe  
  26  3:10  Warp Gate  
  27  3:14  Stalker x2  
  27  3:15  Probe  
  32  3:23  Probe  
  32  3:31  Probe  
  34  3:42  Stargate  
  34  3:54  Probe, Stargate  
  34  3:57  Probe  
  34  4:02  Probe  
  36  4:09  Assimilator, Probe  
  38  4:10  Assimilator, Probe  
  38  4:13  Stalker  
  38  4:14  Stalker  
  43  4:18  Probe  
  43  4:21  Probe  
  45  4:26  Probe  
  46  4:33  Probe  
  48  4:38  Probe  
  48  4:44  Nexus  
  49  4:45  Probe  
  49  4:46  Pylon  
  49  4:50  Pylon, Probe  
  50  4:57  Probe  
  51  5:02  Probe  
  51  5:05  Probe  
  52  5:08  Fleet Beacon  
  52  5:13  Probe  
  53  5:14  Probe  
  55  5:24  Probe  
  55  5:26  Probe  
  57  5:29  Stalker  
  57  5:30  Stalker  
  61  5:36  Probe  
  61  5:39  Probe  
  63  5:48  Probe  
  64  5:51  Probe  
  65  5:57  Stalker x2  
  65  6:00  Probe  
  65  6:03  Probe  
  67  6:23  Probe x3  
  70  6:35  Probe x3  
  70  6:36  Assimilator  
  73  6:40  Assimilator, Carrier, Tempest  
  84  6:47  Probe x2  
  84  6:53  Stargate  
  86  6:55  Stalker x2, Stargate  
  86  6:56  Stargate  
  90  7:07  Protoss Air Weapons Level 1  
  90  7:12  Probe x2  
  90  7:13  Probe  
  93  7:35  Nexus  
  93  7:39  Pylon  
  93  7:43  Pylon  
  93  7:46  Pylon  
  93  7:49  Pylon  
  93  7:53  Pylon  
  93  7:57  Carrier, Probe x2  
  101  8:00  Tempest  
  101  8:01  Probe  
  101  8:02  Pylon  
  101  8:04  Carrier  
  113  8:06  Tempest  
  113  8:07  Pylon  
  113  8:09  Probe x2  
  113  8:10  Pylon  
  120  8:13  Probe, Nexus  
  120  8:15  Pylon  
  120  8:19  Pylon  
  121  8:21  Probe x2  
  121  8:24  Carrier  
  121  8:25  Probe  
  130  8:34  Probe x2  
  132  8:37  Probe  
  133  8:44  Carrier  
  139  8:50  Probe x3  
  139  8:51  Assimilator  
  139  8:53  Assimilator  
  142  8:57  Protoss Air Armor Level 1  
  142  9:02  Carrier  
  148  9:05  Carrier  
  154  9:12  Tempest  
  159  9:35  Carrier  
  165  9:39  Assimilator  
  165  9:43  Assimilator  
  165  9:47  Tempest  
  165  9:50  Cybernetics Core  
  170  10:06  Tempest  
  181  10:07  Carrier  
  181  10:09  Carrier  
  187  10:25  Protoss Air Weapons Level 2  
  187  10:37  Carrier  
  187  10:39  Tempest  
  198  11:02  Protoss Air Armor Level 2  
  188  12:21  Tempest x2, Carrier  
  188  12:22  Carrier x2  
  115  13:04  Tempest, Carrier  
  126  13:13  Gateway  
  126  13:14  Gateway  
  126  13:17  Gateway  
  126  13:22  Gateway  
  126  13:25  Gateway, Tempest  
  126  13:26  Carrier x2  
  143  13:28  Gateway  
  143  13:30  Gateway  
  143  13:32  Gateway  
  143  13:34  Gateway  
  143  13:36  Gateway  
  143  13:37  Protoss Air Weapons Level 3  
  143  13:40  Protoss Air Armor Level 3  
  137  13:46  Gateway  
  137  13:47  Tempest  
  142  13:48  Gateway  
  142  13:51  Gateway  
  142  13:53  Gateway  
  142  13:56  Gateway  
  142  13:58  Stalker  
  142  13:59  Stalker, Gateway  
  146  14:03  Gateway  
  146  14:05  Gateway, Nexus  
  146  14:08  Tempest, Carrier  
  146  14:09  Pylon  
  157  14:14  Forge, Pylon  
  157  14:19  Twilight Council, Forge  
  157  14:20  Forge  
  157  14:24  Pylon  
  157  14:28  Pylon  
  157  14:30  Pylon, Tempest, Carrier  
  168  14:39  Stalker x3  
  168  14:40  Stalker x4  
  168  14:41  Stalker x3  
  168  14:43  Stalker x2  
  168  14:44  Protoss Ground Armor Level 1, Protoss Shields Level 1  
  192  14:45  Stalker  
  192  14:46  Stalker, Protoss Ground Weapons Level 1  
  192  14:51  Stalker x2  
  140  15:52  Stalker x2  
  140  15:53  Stalker x3  
  140  15:54  Stalker x4  
  140  15:55  Stalker x5  
  140  15:56  Stalker x4  
  174  15:57  Stalker x2  
  178  16:30  Stalker x3  
  178  16:31  Stalker x2  
  178  16:32  Stalker x3  
  194  16:33  Stalker x2  
  194  16:34  Stalker  
  200  16:52  Templar Archives  
  200  17:22  Assimilator  
  200  17:25  Nexus  
  200  17:27  Protoss Shields Level 2, Protoss Ground Armor Level 2  
  200  17:28  Protoss Ground Weapons Level 2  
  200  17:34  Assimilator  
  78  18:21  Stalker x5  
  78  18:22  Stalker x3  
  78  18:23  Stalker x4  
  78  18:24  Stalker x3  
  78  18:25  Stalker x3  
  78  18:26  Stalker x2  
  101  18:58  Stalker x5  
  101  18:59  Stalker x4  
  101  19:00  Stalker x2  
  101  19:01  Stalker x3  
  129  19:09  Stalker x2  
  133  19:22  High Templar  
  133  19:23  High Templar x2  
  133  19:24  High Templar x5  
  141  19:25  High Templar x4  
  141  19:26  High Templar  
  141  19:27  High Templar  
  141  19:29  High Templar x2  
  141  19:30  High Templar  
  167  19:32  High Templar  
  169  19:45  Archon x5  
  169  19:46  Archon x3  
  169  19:47  Archon  
  169  20:17  Stalker  
  169  20:18  Stalker x4  
  169  20:19  Stalker x4  
  169  20:20  Stalker x4  
  195  20:24  Charge  
  195  20:39  Protoss Ground Armor Level 3  
  195  20:41  Protoss Ground Weapons Level 3  
  71  21:19  Stalker x2  
  71  21:20  Stalker x5  
  71  21:21  Stalker x2  
  71  21:22  Stalker  
  79  21:51  Stalker  
  79  21:52  Stalker x3  
  79  21:53  Stalker x2  
  91  21:54  Stalker x2  
  91  21:55  Stalker x3  
  91  21:58  Nexus  
  101  22:01  Assimilator  
  101  22:10  Stalker x3, Pylon  
  101  22:13  Pylon  
  107  22:26  Probe x2  
  107  22:27  Probe x2  
  111  22:37  Stalker x2  
  111  22:38  Probe  
  111  22:39  Probe x3  
  60  23:19  Stalker x3  
  58  23:20  Stalker x4  
  58  23:21  Stalker x3  
  58  23:24  Probe x2  
  58  23:25  Probe  
  75  23:27  Probe  
  76  23:36  Probe  
Tags
 
Add a new tag
Caveats
  • Supply blocks, unpowered buildings, or Contaminate may cause inaccurate times.
  • Supply counts are checked every 10 seconds.